 Seeded DCSS version 0.28-a0-612-gcfc00ec14d (webtiles) character file.

Game seed: 20211006 (custom seed)

369 a11behringer the Cleaver (level 6, -3/51 HPs)
             Began as a Hill Orc Fighter on Oct 6, 2021.
             Slain by an ogre (26 damage)
             ... on level 3 of the Dungeon.
             The game lasted 00:14:19 (4086 turns).

a11behringer the Cleaver (Hill Orc Fighter)         Turns: 4086, Time: 00:14:20

Health: -3/51      AC:  6    Str: 19    XL:     6   Next: 70%
Magic:  6/6        EV:  9    Int:  8    God:
Gold:   104        SH:  4    Dex: 12    Spells: 5/5 levels left

rFire   . . .      SeeInvis .   a - +1 war axe
rCold   . . .      Faith    .   c - +0 buckler
rNeg    . . .      Spirit   .   b - +0 scale mail
rPois   .          Reflect  .   (no helmet)
rElec   .          Harm     .   (no cloak)
rCorr   .          Rampage  .   (no gloves)
Will    .....                   (no boots)
Stlth   ..........              (no amulet)
HPRegen 0.17/turn               (no ring)
MPRegen 0.10/turn               (no ring)

@: no status effects
A: no striking features
a: no special abilities


You were on level 3 of the Dungeon.
You visited 1 branch of the dungeon, and saw 3 of its levels.

You collected 104 gold pieces.

Inventory:

Hand Weapons
 a - a +1 war axe (weapon)
Missiles
 f - 12 poisoned darts (quivered)
 k - 3 curare-tipped darts
Armour
 b - a +0 scale mail (worn)
 c - a +0 buckler (worn)
 t - a +0 chain mail
Wands
 q - a wand of charming (4)
 r - a wand of digging (4)
Scrolls
 g - a scroll of brand weapon {unknown}
 l - a scroll of enchant weapon
 n - a scroll of identify
 u - a scroll of amnesia {unknown}
Potions
 d - a potion of might
 e - a potion of haste {unknown}
 h - a potion of invisibility {unknown}
 i - 2 potions of degeneration
 j - a potion of mutation
 m - a potion of lignification
 o - 2 potions of resistance {unknown}
 p - a potion of brilliance {unknown}
 s - a potion of attraction {unknown}


   Skills:
 - Level 3.6 Fighting
 * Level 9.0 Axes
 - Level 3.2 Armour
 - Level 0.3 Dodging
 - Level 3.2 Shields


You had 5 spell levels left.
You didn't know any spells.
Your spell library contained the following spells:

 Spells                   Type           Power      Damage    Failure   Level
 Animate Skeleton         Necr           0%         N/A       80%         1
 Pain                     Necr           0%         1d4       80%         1
 Sublimation of Blood     Necr           0%         N/A       91%         2
 Vampiric Draining        Necr           0%         2d6       99%         3
 Petrify                  Tmut/Erth      0%         N/A       100%        4
 Irradiate                Conj/Tmut      0%         3d14      100%        5


Dungeon Overview and Level Annotations

Branches:
Dungeon (3/15)

Altars:

Shops:
D:1 (


Message History

You kill the orc!
You hit the orc.
The orc is almost dead.
The orc hits you with a +0 club.
You completely miss the orc.
The orc is almost dead.
The orc closely misses you.
You closely miss the orc.
The orc is severely wounded.
You block the orc's attack.
You closely miss the orc.
The orc is severely wounded.
The orc hits you with a +0 club.
You slash the orc!
You kill the orc!
Your Axes skill increases to level 9!
You hit the orc.
The orc is moderately wounded.
The orc hits you but does no damage.
The gnoll hits you from afar with a +0 halberd!
You slash the orc!
You kill the orc!
The gnoll hits you from afar with a +0 halberd!
You block the gnoll's attack.
Items here: $ ( )))) [[ †††.
You slash the gnoll!
You kill the gnoll!
You completely miss the orc. The orc hits you but does no damage.
You completely miss the orc. You block the orc's attack.
The orc hits you with a +0 club.
You slash the orc!
You kill the orc!
You slash the ogre!
The ogre is moderately wounded.
The ogre barely misses you.
You hit the ogre.
The ogre is heavily wounded.
The ogre hits you with a +0 giant spiked club!!
Ouch! That really hurt!
You die...

.........................#.go#≈≈.
≈≈≈≈≈≈≈≈≈....≈≈≈≈≈≈≈≈≈≈≈≈#####≈≈.
≈≈≈≈≈≈≈≈≈....≈≈≈≈≈≈≈≈≈≈≈≈≈≈≈≈≈≈≈.
≈≈≈≈≈≈≈≈≈....g≈≈≈≈≈≈≈≈≈≈≈≈≈≈≈≈≈≈.
.............o...................
.............o.....>#.###########
........#....###)##.#...
#######.#..#.# #O##.#.### ....#
#.#....# #@##.#.# ###.# #)#.#..#
#.##.#.# #.# #)#.#..###.##.#.#.
#.# #)#.##............ #.#
#.#.##.###.##.####
###'###.#.#.......# ..
.....##.#.#...##..##########
.....##'#.........#.........
.....<............#.#######.


You could see an ogre.

Vanquished Creatures
  2 howler monkeys (D:3)
  A hound (D:3)
  Terence (D:3)
  2 orc wizards (D:3)
  7 gnolls (D:3)
  2 worms
  2 dart slugs
  20 orcs (D:3)
  2 ball pythons
  3 endoplasms
  A giant cockroach (D:1)
  6 hobgoblins
  18 jackals
  A quokka (D:1)
  7 bats
  3 goblins
  4 kobolds
  7 rats
89 creatures vanquished.

Vanquished Creatures (others)
  A fungus (D:3)
  2 plants (D:1)
3 creatures vanquished.

Grand Total: 92 creatures vanquished

Notes
Turn   | Place    | Note
-------+----------+-------------------------------------------
     0 | D:1      | a11behringer the Hill Orc Fighter began the quest for the
                  | Orb.
     0 | D:1      | Reached XP level 1. HP: 19/19 MP: 1/1
   240 | D:1      | Reached skill level 3 in Axes
   380 | D:1      | Reached XP level 2. HP: 15/26 MP: 2/2
   396 | D:1      | Reached skill level 4 in Axes
   407 | D:1      | Found Asisoshru's Antique Weapon Shoppe.
  1091 | D:2      | Reached XP level 3. HP: 31/31 MP: 3/3
  1737 | D:2      | Reached skill level 5 in Axes
  2573 | D:3      | Reached XP level 4. HP: 25/39 MP: 4/4
  2790 | D:3      | Reached skill level 6 in Axes
  2922 | D:3      | Reached skill level 7 in Axes
  2922 | D:3      | Reached XP level 5. HP: 40/45 MP: 5/5
  3081 | D:3      | Reached XP level 6. HP: 11/51 MP: 6/6
  3368 | D:3      | Reached skill level 8 in Axes
  3574 | D:3      | Noticed Terence
  3576 | D:3      | Found a faded altar of an unknown god.
  3584 | D:3      | Killed Terence
  4078 | D:3      | Reached skill level 9 in Axes
  4086 | D:3      | Slain by an ogre

Illustrated notes

Levels and vault maps discovered:
D:1:      minmay_arrival_glassed_features, layout_basic, serial_shops,
          shop_fountains, serial_bayou_lagoon_b
D:2:      layout_basic, kennysheep_generic_room_13
D:3:      lemuel_castle_with_subvaults [lemuel_castle_interior_carwin_3],
          layout_basic, shapermc_ecumenical_altar_notcrosses, uniq_jessica,
          uniq_terence

Skill      XL: |  1  2  3  4  5  6 |
---------------+-------------------+-----
Axes           | 3 4 5 7 9 |  9.0
Fighting       | |  3.6
Armour         | |  3.2
Dodging        | |  0.3
Shields        | |  3.2

Action                   |  1- 3 |  4- 6 || total
-------------------------+-------+-------++-------
Melee: War axe           |   153 |   160 ||   313
  Use: Scroll            |     5 |       ||     5
Armor: Scale mail        |    75 |    66 ||   141
Dodge: Dodged            |   103 |    80 ||   183
Block: Buckler           |    39 |    35 ||    74

Table legend: (Time is in decaauts)
 A = Elapsed time spent in this place.
 B = Non-inter-level travel time spent in this place.
 C = Inter-level travel time spent in this place.
 D = Time resting spent in this place.
 E = Time spent auto-exploring this place.
 F = Levels seen in this place.
 G = Mean time per level.
                   A        B        C        D        E       F      G
               +--------+--------+--------+--------+--------+-----+--------+
         Total |   4172 |   3530 |    642 |      0 |   2781 |   3 | 1390.7 |
       Dungeon |   4172 |   3530 |    642 |      0 |   2781 |   3 | 1390.7 |
               +--------+--------+--------+--------+--------+-----+--------+

Top non-repeatable levels by time:
     D:3: 1866 daAuts
     D:2: 1242 daAuts
     D:1: 1063 daAuts
